AoeStats
← Admiral G

Baltic

510612168Analyzed
3v3 RM · 2d ago on Oct 1, 2026· 34m 54s· 6 players
Game mode
Random Map
Map size
Normal (6 player)
Population
200
Speed
Normal
Resources
Standard
Victory
Conquest
Starting age
Dark Age
Ending age
Imperial Age
RankedLock teamsTeams togetherTeam positionsShared explorationLock speedFull tech treeHidden civsTurbo modeCheats
Victory
Defeat
🇨🇿 Armenians · Czechia
833
+24
🇨🇿 Maya · Czechia
810
+18
🇨🇿 Franks · Czechia
806
+52
🇩🇪 Romans · Germany
872
-19
🇩🇪 Celts · Germany
871
-18
🇩🇪 Vikings · Germany
844
-17
dave9014
0:26 Loom
12:18 Feudal Age
12:54 Double-Bit Axe
14:57 Horse Collar
16:14 Horse Collar
17:00 Fletching
18:27 Padded Archer Armor
21:06 Castle Age
23:40 Bow Saw
23:33 Heavy Plow
23:30 Bodkin Arrow
29:35 Gold Mining
36:53 Imperial Age
35:16 Leather Archer Armor
CybeRich
9:04 Loom
11:20 Feudal Age
13:14 Double-Bit Axe
21:34 Castle Age
23:54 Scale Barding Armor
24:03 Forging
27:24 Husbandry
30:35 Light Cavalry
RippS
7:42 Loom
10:46 Feudal Age
11:23 Double-Bit Axe
12:07 Man-at-Arms
14:21 Long Swordsman
17:06 Arson
17:48 Horse Collar
20:51 Scale Mail Armor
27:27 Castle Age
28:31 Two-Handed Swordsman
29:50 Bow Saw
30:10 Chain Mail Armor
32:48 Gold Mining
Lord_xy2
7:06 Loom
9:11 Feudal Age
10:09 Double-Bit Axe
10:06 Horse Collar
15:57 Stone Mining
18:10 Castle Age
17:27 Gold Mining
19:07 Fletching
20:02 Bow Saw
19:52 Heavy Plow
22:12 Wheelbarrow
23:42 Bodkin Arrow
25:02 Ballistas
33:10 Ballistics
Admiral G
5:56 Loom
10:18 Feudal Age
10:50 Double-Bit Axe
11:42 Wheelbarrow
12:31 Horse Collar
31:04 Castle Age
31:59 Bow Saw
32:17 Town Watch
noHotkeys
0:30 Loom
12:38 Feudal Age
13:18 Double-Bit Axe
14:33 Horse Collar
18:44 Fletching
21:30 Castle Age
22:17 Bodkin Arrow
23:10 Bow Saw
25:25 Scale Mail Armor
Connection lost

Rejoining the realm…

Still unreachable

The connection could not be restored.

Session expired

The server has moved on; the page needs a fresh start.